 Dungeon Crawl Stone Soup version 0.27-a0-1081-ge8a0a9c698 (webtiles) character file.

Game seed: 11454643620121504772

5543 tardwrangler69 the Nimble (level 10, -22/56 HPs)
             Began as an Octopode Earth Elementalist on Apr 25, 2021.
             Was an Initiate of Gozag.
             Annihilated by a death yak (24 damage)
             ... on level 8 of the Dungeon.
             The game lasted 00:16:05 (12999 turns).

tardwrangler69 the Nimble (OpEE)                   Turns: 12999, Time: 00:16:05

Health: -22/56     AC:  1    Str:  8    XL:     10   Next: 71%
Magic:  11/19      EV: 22    Int: 21    God:    Gozag
Gold:   1576       SH:  0    Dex: 24    Spells: 12/21 levels left

rFire    . . .     SeeInvis .   A - +2 short sword (speed)
rCold    . . .     Faith    .   (no shield)
rNeg     + . .     Spirit   .   (helmet restricted)
rPois    +         Reflect  .   n - amulet of the Four Winds {rN+ Will+++ Clar}
rElec    .         Harm     .   d - ring of resist corrosion
rCorr    +         Rampage  .   h - ring of poison resistance
Will     +++..     Clarity  +   i - +6 ring of dexterity
Stlth    ++++......             r - +6 ring of dexterity
HPRegen  0.18/turn              (no ring)
MPRegen  0.16/turn              (no ring)
                                (no ring)
                                (no ring)

@: no status effects
A: almost no armour, amphibious, 8 rings, camouflage 1, gelatinous body 1,
(nimble swimmer 1), tentacles
a: Renounce Religion, Potion Petition, Call Merchant, Bribe Branch


You were on level 8 of the Dungeon.
You worshipped Gozag.
Gozag was most pleased with you.
You visited 2 branches of the dungeon, and saw 11 of its levels.

You collected 1626 gold pieces.
You paid 50 gold pieces to Gozag.

Inventory:

Hand Weapons
 A - a +2 short sword of speed (weapon)
Missiles
 b - 123 stones
 B - 2 boomerangs of dispersal
 C - 4 silver javelins
 E - 2 curare-tipped darts
Armour
 x - the +0 kite shield of Dishonour {rElec rF+}
   (You found it on level 5 of the Dungeon)

   It protects you from fire.
   It insulates you from electricity.
Jewellery
 d - a ring of resist corrosion (left tentacle)
 h - a ring of poison resistance (right tentacle)
 i - a +6 ring of dexterity (on tentacle)
 n - the amulet of the Four Winds (around mantle) {rN+ Will+++ Clar}
   (You found it on level 8 of the Dungeon)

   [amulet of nothing]

   It protects you from negative energy.
   It protects you against confusion.
   It greatly increases your willpower.
 r - a +6 ring of dexterity (on tentacle)
 G - an amulet of magic regeneration
Wands
 o - a wand of flame (32)
 w - a wand of polymorph (8)
Scrolls
 e - 4 scrolls of teleportation
 f - 9 scrolls of identify
 g - a scroll of fog
 l - a scroll of summoning {unknown}
 q - a scroll of blinking {unknown}
 t - a scroll of silence {unknown}
 u - a scroll of amnesia {unknown}
 y - a scroll of immolation {unknown}
 F - a scroll of vulnerability {unknown}
Potions
 a - a potion of magic {unknown}
 c - 2 potions of invisibility {unknown}
 j - 2 potions of berserk rage {unknown}
 k - 10 potions of curing
 m - 2 potions of flight {unknown}
 p - 3 potions of heal wounds {unknown}
 s - a potion of might {unknown}
 v - a potion of attraction {unknown}
 z - a potion of lignification {unknown}
 D - a potion of ambrosia {unknown}


   Skills:
 + Level 10.5 Dodging
 - Level 2.6 Stealth
 - Level 6.0 Spellcasting
 - Level 3.0 Conjurations
 - Level 1.0 Transmutations
 - Level 10.0 Earth Magic


You had 12 spell levels left.
You knew the following spells:

 Your Spells              Type           Power      Damage    Failure   Level
a - Sandblast             Erth           96%        2d20      1%          1
b - Stone Arrow           Conj/Erth      66%        3d11      1%          3
c - Lee's Rapid Deconstr  Erth           24%        3d14*     4%          5

Your spell library contained the following spells:

 Spells                   Type           Power      Damage    Failure   Level
 Passwall                 Tmut/Erth      24%        N/A       1%          2
 Magic Dart               Conj           72%        1d6       2%          1
 Searing Ray              Conj           36%        3d4       4%          2
 Foxfire                  Conj/Fire      48%        2x1d6     5%          1
 Animate Skeleton         Necr           12%        N/A       10%         1
 Pain                     Necr           24%        1d5       10%         1
 Petrify                  Tmut/Erth      29%        N/A       10%         4
 Conjure Flame            Conj/Fire      12%        6-21      16%         3
 Dazzling Flash           Conj/Hex       24%        N/A       16%         3
 Inner Flame              Hex/Fire       6%         N/A       28%         3
 Vampiric Draining        Necr           3%         2d6       28%         3
 Fulminant Prism          Conj/Hex       6%         3d7       45%         4
 Iskenderun's Mystic Bla  Conj/Tloc      12%        2d5       45%         4
 Sticky Flame             Conj/Fire      12%        2d4       45%         4
 Animate Dead             Necr           3%         N/A       67%         4
 Fireball                 Conj/Fire      6%         3d5       82%         5
 Agony                    Necr           6%         N/A       95%         5


Dungeon Overview and Level Annotations

Branches:
Dungeon (10/15)            Temple (1/1) D:4            Lair (0/6) D:9
    Orc: D:9-12

Altars:
Ashenzari
Cheibriados
Dithmenos
Elyvilon
Fedhas
Gozag
Hepliaklqana
Kikubaaqudgha
Makhleb
Nemelex Xobeh
Okawaru
Qazlal
Ru
Sif Muna
Trog
Uskayaw
Vehumet
Wu Jian
Xom
Yredelemnul
Zin
The Shining One

Annotations:
D:4 2 runed translucent doors, jryanh76's ghost, amateur DrMo
D:7 exclusions: orc sorcerer and wizard


Innate Abilities, Weirdness & Mutations

You cannot wear most types of armour.
You are amphibious.
You can wear up to eight rings at the same time.
Your skin changes colour to match your surroundings (Stealth+).
Your rubbery body absorbs attacks. (AC +1, EV +1)
((You are camouflaged near water. (Stealth+)))
You have tentacles for arms and can constrict up to eight enemies at once.


Message History

Done exploring.
Done exploring.
Done exploring.
Unknown command.
(D) Dungeon (T) Temple (L) Lair
Where to? (Enter - D:7 @ (x,y), ? - help)
There is a stone staircase leading down, spattered with blood here.
You climb downwards.
The death yak misses you.
There is a stone staircase leading up here.
A death yak is nearby!
Casting: Sandblast (safe; 1% risk of failure)
Confirm with . or Enter, or press ? or * to list all spells.
Aiming: Stone Arrow (safe; 1% risk of failure)
Press: ? - help, Shift-Dir - straight line, f - death yak
Aim: a death yak (91% to hit)
The stone arrow misses the death yak.
The death yak gores you.
Casting: Stone Arrow (safe; 1% risk of failure)
Confirm with . or Enter, or press ? or * to list all spells.
Aiming: Stone Arrow (safe; 1% risk of failure)
Press: ? - help, Shift-Dir - straight line, f/p - death yak
Aim: a death yak (91% to hit)
The stone arrow hits the death yak!
The death yak is lightly wounded.
The death yak gores you!!
Casting: Stone Arrow (safe; 1% risk of failure)
Confirm with . or Enter, or press ? or * to list all spells.
Aiming: Stone Arrow (safe; 1% risk of failure)
Press: ? - help, Shift-Dir - straight line, f/p - death yak
Aim: a death yak (lightly wounded, 91% to hit)
The stone arrow hits the death yak.
The death yak is moderately wounded.
The death yak gores you!
* * * LOW HITPOINT WARNING * * *
The death yak gores you!
* * * LOW HITPOINT WARNING * * *
You climb upwards.
There is a stone staircase leading down, spattered with blood here.
The death yak gores you!!
You die...
Your body crumbles into a pile of gold.

.# #........(.##...#####.#.# ##
#..###########.## ##.#.#
##..#.......###.#####....#
#...#.#####<.............#
##..#.# #.###.#####...## #>..<#
#.# #.# ##.## #...Y# #.# #.#
#.# #..#.#####.# #.# ##.###
#..#...Y@..# #.# #..... ##
#..#.##.##.###)# #..###
.########..#.#.........#####).#
.......##..#.#..##.#......[.).#
....=......#.#..##.#.#######.##
.#####..........##.#.# #.#
.########............#######.#
...[...........###.#........>#
#########..........###########


You could see a death yak.

Vanquished Creatures
  A two-headed ogre (D:9)
  A death yak (D:9)
  A kobold demonologist (D:9)
  Sigmund (D:4)
  2 wyverns (D:9)
  Grum (D:8)
  Edmund (D:4)
  5 orc warriors
  3 black bears
  2 ogres
  3 wolves (D:8)
  A centaur (D:9)
  5 kobold brigands
  4 bullfrogs
  A scorpion (D:7)
  2 water moccasin skeletons
  4 wights (D:9)
  A howler monkey (D:5)
  A jelly (D:5)
  2 centaur zombies
  2 hounds
  A gnoll shaman (D:4)
  10 orc priests
  A centaur skeleton (D:4)
  3 iguanas
  8 orc wizards
  2 killer bee zombies (D:8)
  2 hound skeletons (D:4)
  7 gnolls
  6 adders
  5 shadow imps
  3 white imps
  2 ufetubi
  2 worms
  4 dart slugs
  26 orcs
  5 endoplasms
  4 giant cockroaches
  A goblin (D:4)
  8 hobgoblins
  11 jackals
  4 quokkas
  5 ball pythons
  6 bats
  5 frilled lizards
  37 kobolds
  9 kobold skeletons (D:9)
  8 kobold zombies (D:9)
  8 rats
237 creatures vanquished.

Notes
Turn   | Place    | Note
-------+----------+-------------------------------------------
     0 | D:1      | tardwrangler69 the Octopode Earth Elementalist began the
                  | quest for the Orb.
     0 | D:1      | Reached XP level 1. HP: 11/11 MP: 3/3
   262 | D:1      | Reached XP level 2. HP: 17/17 MP: 1/5
   429 | D:1      | Found a faded altar of an unknown god.
   877 | D:2      | Reached XP level 3. HP: 21/21 MP: 3/6
  1673 | D:2      | Reached XP level 4. HP: 27/27 MP: 0/8
  2340 | D:3      | Reached XP level 5. HP: 23/31 MP: 4/9
  2342 | D:3      | Reached skill level 5 in Earth Magic
  2985 | D:4      | Found a staircase to the Ecumenical Temple.
  3000 | Temple   | Entered the Ecumenical Temple
  3226 | Temple   | Became a worshipper of Gozag Ym Sagoz the Greedy
  3329 | D:4      | Found a runed translucent door.
  3335 | D:4      | Noticed jryanh76's ghost (amateur DrMo)
  3439 | D:4      | Found a runed translucent door.
  3549 | D:4      | Reached XP level 6. HP: 33/36 MP: 11/11
  3584 | D:4      | Noticed a black bear
  3587 | D:4      | Killed a black bear
  4335 | D:4      | Noticed Sigmund
  4345 | D:4      | Killed Sigmund
  4346 | D:4      | Reached XP level 7. HP: 41/41 MP: 8/13
  4395 | D:4      | Noticed Edmund
  4400 | D:4      | Killed Edmund
  4625 | D:5      | Entered Level 5 of the Dungeon
  4641 | D:5      | Identified the +0 kite shield of Dishonour {rElec rF+}
  4991 | D:4      | Reached XP level 8. HP: 38/46 MP: 5/15
  5069 | D:4      | Reached skill level 5 in Spellcasting
  6529 | D:5      | Learned a level 3 spell: Stone Arrow
  6535 | D:5      | Learned a level 5 spell: Lee's Rapid Deconstruction
  6804 | D:6      | Found a stormy altar of Qazlal.
  6832 | D:6      | Reached skill level 1 in Conjurations
  7120 | D:6      | Reached XP level 9. HP: 51/51 MP: 15/18
  7184 | D:6      | Found a hide-covered altar of Uskayaw.
  7658 | D:7      | You fall into a shaft and drop 3 floors!
  7658 | D:10     | Entered Level 10 of the Dungeon
  7929 | D:9      | Reached skill level 10 in Earth Magic
  8271 | D:7      | Noticed a wizard
  8272 | D:7      | Noticed an orc sorcerer
  8510 | D:7      | Reached skill level 5 in Dodging
  8848 | D:7      | Found a shimmering blue altar of Sif Muna.
  9381 | D:8      | Found the amulet of the Four Winds {rN+ Will+++ Clar}
 10050 | D:8      | Noticed Grum
 10062 | D:8      | Killed Grum
 10063 | D:8      | Reached XP level 10. HP: 29/56 MP: 9/19
 10384 | D:8      | Found a radiant altar of Vehumet.
 10384 | D:8      | Found an ancient bone altar of Kikubaaqudgha.
 10668 | D:9      | Noticed a death yak
 10669 | D:9      | Noticed a death yak
 10669 | D:9      | Noticed a death yak
 10670 | D:9      | Noticed a death yak
 10738 | D:9      | Killed a death yak
 10970 | D:9      | Found a staircase to the Lair.
 10978 | D:9      | Noticed a death yak
 10983 | D:9      | Noticed a death yak
 11723 | D:8      | HP: 1/56 [death yak (22)]
 12273 | D:9      | Noticed a kobold demonologist
 12276 | D:9      | Found an ancient bone altar of Kikubaaqudgha.
 12456 | D:9      | Killed a kobold demonologist
 12540 | D:9      | Noticed a two-headed ogre
 12545 | D:9      | Killed a two-headed ogre
 12546 | D:9      | Reached skill level 10 in Dodging
 12997 | D:9      | HP: 1/56 [death yak (11)]
 12999 | D:8      | Annihilated by a death yak

Illustrated notes

Levels and vault maps discovered:
D:1:      dpeg_arrival_concentric_ovals, layout_basic,
          hellmonk_ecumenical_altar_lost_god
D:2:      minmay_spotlight, layout_loops_corners, minmay_unequal
D:3:      layout_basic
D:4:      wad_river_or_something, layout_rooms, temple_pool_b,
          ebering_ghost_sewer_f, sigmund_edmund_badplayer
D:5:      layout_gridville, gup_sewer_entry_glass,
          minmay_misc_feat_four_crosses, minmay_a_box_with_orc_wizards_in_it
D:6:      layout_loops_ring, nicolae_overflow_crystal_walls,
          lemuel_doored_altar, hangedman_glass_teeth
D:7:      cheibrodos_wizards_tower, layout_loops_ring,
          nicolae_overflow_hidden_temple
D:8:      layout_loops_ring, gammafunk_temple_overflow_wave, amethyst_killhole,
          uniq_grum
D:9:      wander_kiku_kobolds, layout_basic, dpeg_lair_monsters
D:10:     nzn_winding_woodlands_large [nzn_winding_woodlands_5x5_three,
          nzn_winding_woodlands_5x15_river_crossing,
          nzn_winding_woodlands_5x5_cross, nzn_winding_woodlands_center_garden,
          nzn_winding_woodlands_15x15_killbox,
          nzn_winding_woodlands_center_lodge,
          nzn_winding_woodlands_5x5_open_star, nzn_winding_woodlands_5x15_cabin,
          nzn_winding_woodlands_hourglass], layout_long_grid
Temple:   bh_familiar_temple

Skill      XL: |  1  2  3  4  5  6  7  8  9 10 |
---------------+-------------------------------+-----
Earth Magic    | 4 5 6 7 9 10 | 10.0
Spellcasting   | 3 4 6 |  6.0
Conjurations   | 1 3 |  3.0
Dodging        | 7 10 | 10.5
Stealth        | |  2.6
Transmutations | |  1.0

Action                   |  1- 3 |  4- 6 |  7- 9 | 10-12 || total
-------------------------+-------+-------+-------+-------++-------
Melee: Unarmed           |    12 |     7 |       |       ||    19
       Constrict         |     2 |    19 |     6 |    23 ||    50
       Tentacles         |     1 |    24 |     9 |    25 ||    59
       Dagger            |       |    72 |     1 |       ||    73
       Short sword       |       |       |    32 |    67 ||    99
 Cast: Sandblast         |    39 |    49 |   157 |    46 ||   291
       Stone Arrow       |       |       |     8 |    24 ||    32
       Lee's Rapid Decon |       |       |     2 |     7 ||     9
  Use: Scroll            |       |       |     6 |       ||     6
 Stab: Sleeping          |     2 |     6 |     3 |       ||    11
       Distracted        |       |       |       |     2 ||     2
Armor: Skin              |     5 |     4 |     1 |     1 ||    11
Dodge: Dodged            |    13 |    56 |    70 |    58 ||   197

Table legend: (Time is in decaauts)
 A = Elapsed time spent in this place.
 B = Non-inter-level travel time spent in this place.
 C = Inter-level travel time spent in this place.
 D = Time resting spent in this place.
 E = Time spent auto-exploring this place.
 F = Levels seen in this place.
 G = Mean time per level.
                   A        B        C        D        E       F      G
               +--------+--------+--------+--------+--------+-----+--------+
         Total |  12980 |  12548 |    432 |    364 |  10216 |  11 | 1180.0 |
       Dungeon |  12736 |  12353 |    383 |    364 |  10023 |  10 | 1273.6 |
        Temple |    243 |    194 |     49 |      0 |    193 |   1 |  243.0 |
               +--------+--------+--------+--------+--------+-----+--------+

Top non-repeatable levels by time:
     D:4: 2149 daAuts
     D:7: 2088 daAuts
     D:9: 1759 daAuts
     D:8: 1427 daAuts
     D:2: 1360 daAuts
     D:5: 1273 daAuts
     D:6: 1103 daAuts
     D:1: 810 daAuts
     D:3: 710 daAuts
  Temple: 243 daAuts
    D:10: 53 daAuts
